 Dungeon Crawl Stone Soup version 0.30-a0-23-ge60ba3568b (webtiles) character file.

Game seed: 4929509942947267482

30 SensoryNuts the Trooper (level 3, -3/31 HPs)
             Began as a Draconian Fighter on Aug 25, 2022.
             Slain by Terence
             ... wielding a +1 vampiric hand axe
              (7 damage)
             ... on level 2 of the Dungeon.
             The game lasted 00:01:24 (1273 turns).

SensoryNuts the Trooper (Draconian Fighter)         Turns: 1273, Time: 00:01:25

Health: -3/31      AC:  5    Str: 20    XL:     3   Next: 5%
Magic:  3/3        EV: 12    Int:  8    God:
Gold:   75         SH:  4    Dex: 10    Spells: 2/2 levels left

rFire   . . .      SeeInvis .    a - +0 long sword
rCold   . . .      Faith    .    b - +0 buckler
rNeg    . . .      Spirit   .    (body armour unavailable)
rPois   .          Reflect  .    (helmet restricted)
rElec   .          Harm     .    (no cloak)
rCorr   .          Rampage  .    (no gloves)
Will    .....                    (no boots)
Stlth   +.........               (no amulet)
HPRegen 0.10/turn                (no ring)
MPRegen 0.08/turn                (no ring)

@: mighty
A: AC +5, unfitting armour, cold-blooded
a: no special abilities


You were on level 2 of the Dungeon.
You visited 1 branch of the dungeon, and saw 2 of its levels.

You collected 75 gold pieces.

Inventory:

Hand Weapons
 a - a +0 long sword (weapon)
Armour
 b - a +0 buckler (worn)
Potions
 d - a potion of magic {unknown}


   Skills:
 + Level 3.6 Fighting
 * Level 2.6 Long Blades
 + Level 3.0 Dodging
 + Level 3.2 Shields


You had 2 spell levels left.
You didn't know any spells.
Your spell library was empty.

Dungeon Overview and Level Annotations

Branches:
Dungeon (2/15)

Altars:

Shops:
D:1 *?(*(

Annotations:
D:2 Terence


Innate Abilities, Weirdness & Mutations

Your plain brown scales are hard. (AC +5)
You cannot fit into any form of body armour.
You are cold-blooded and may be slowed by cold attacks.


Message History

Terence draws strength from your wounds!
Terence hits you with a +1 vampiric hand axe!
* * * LOW HITPOINT WARNING * * *
You are too injured to fight recklessly!
You are too injured to fight recklessly!
You are too injured to fight recklessly!
You are too injured to fight recklessly!
You are too injured to fight recklessly!
You are too injured to fight recklessly!
You are too injured to fight recklessly!
You are too injured to fight recklessly!
You are too injured to fight recklessly!
You are too injured to fight recklessly!
You are too injured to fight recklessly!
You are too injured to fight recklessly!
You are too injured to fight recklessly!
You feel better. You block Terence's attack.
Okay, then.
You hit Terence but do no damage.
Terence is severely wounded.
Terence hits you with a +1 vampiric hand axe.
* * * LOW HITPOINT WARNING * * *
You barely miss Terence.
Terence is severely wounded.
Terence hits you but does no damage.
You barely miss Terence.
Terence is severely wounded.
Terence closely misses you. You block Terence's attack.
You feel very mighty all of a sudden.
Okay, then.
You block Terence's attack.
You barely miss Terence.
Terence is severely wounded.
Terence hits you with a +1 vampiric hand axe.
* * * LOW HITPOINT WARNING * * *
Terence draws strength from your wounds!
You barely miss Terence.
Your tail-slap misses Terence.
Terence is heavily wounded.
Terence hits you with a +1 vampiric hand axe!
You die...

#....#.#..###
#......#.##
#..#.###.#
#..#...#.#
###..#...#.#
.....#...#?#
###.....#.#
.........#.#####
#..#......@.....#
#. #.######@###.#
#. ... # ...#
...# ...# ##.# .#


You could see Terence.

Vanquished Creatures
  A dart slug (D:1)
  A ball python (D:1)
  2 endoplasms (D:1)
  A giant cockroach (D:1)
  5 goblins
  2 hobgoblins (D:1)
  2 quokkas (D:1)
  4 bats
  2 frilled lizards (D:1)
  6 kobolds
  A rat (D:1)
27 creatures vanquished.

Notes
Turn   | Place    | Note
-------+----------+-------------------------------------------
     0 | D:1      | SensoryNuts the Draconian Fighter began the quest for the
                  | Orb.
     0 | D:1      | Reached XP level 1. HP: 19/19 MP: 1/1
    35 | D:1      | Found a faded altar of an unknown god.
   161 | D:1      | Found Bosissoa's Weapon Shoppe.
   252 | D:1      | Reached XP level 2. HP: 18/26 MP: 2/2
   418 | D:1      | Found Keryast's Magic Scroll Emporium.
   432 | D:1      | Found Luinwynk's Assorted Antiques.
   785 | D:1      | Found Nezxesut's Assorted Antiques.
   987 | D:1      | Found Terphyom's Weapon Shop.
  1221 | D:2      | Reached XP level 3. HP: 31/31 MP: 3/3
  1254 | D:2      | Noticed Terence
  1273 | D:2      | Slain by Terence

Illustrated notes

Levels and vault maps discovered:
D:1:      minmay_arrival_split_and_join, layout_loops_cross, serial_shops, shop,
          nicolae_shop_overgrown_old_shop, shop, shop_statue,
          nicolae_lakefront_shop, ebering_ecumenical_altar_webs
D:2:      layout_basic, feat_on_display, uniq_terence

Skill      XL: |  1  2 |
---------------+-------+-----
Dodging        | 3 |  3.0
Fighting       | |  3.6
Long Blades    | |  2.6
Shields        | |  3.2

Action                   || total
-------------------------++-------
Melee: Long sword        ||    77
       Tailslap          ||     6
  Use: Potion            ||     4
       Scroll            ||     1
Armor: Skin              ||    27
Dodge: Dodged            ||    54
Block: Buckler           ||    17

Table legend: (Time is in decaauts)
 A = Elapsed time spent in this place.
 B = Non-inter-level travel time spent in this place.
 C = Inter-level travel time spent in this place.
 D = Time resting spent in this place.
 E = Time spent auto-exploring this place.
 F = Levels seen in this place.
 G = Mean time per level.
                   A        B        C        D        E       F      G
               +--------+--------+--------+--------+--------+-----+--------+
         Total |   1297 |   1225 |     72 |      0 |   1044 |   2 |  648.5 |
       Dungeon |   1297 |   1225 |     72 |      0 |   1044 |   2 |  648.5 |
               +--------+--------+--------+--------+--------+-----+--------+

Top non-repeatable levels by time:
     D:1: 1226 daAuts
     D:2: 70 daAuts
